 Dungeon Crawl Stone Soup version 0.17-a0-1617-gfba1302 (webtiles) character file.

266733 nubinia the Devastator (level 20, -6/108 HPs)
             Began as a Tengu Fire Elementalist on July 29, 2015.
             Was the Champion of Sif Muna.
             Mangled by a hill giant
             ... wielding a +0 giant club
              (21 damage)
             ... on level 1 of the Vaults on Aug 1, 2015.
             The game lasted 08:28:49 (42332 turns).

nubinia the Devastator (Tengu Fire Elementalist)   Turns: 42332, Time: 08:28:50

Health: -6/108     AC: 12    Str: 15    XL:     20   Next: 11%
Magic:  26/48      EV: 31    Int: 22    God:    Sif Muna [******]
Gold:   1960       SH: 16    Dex: 23    Spells: 14 memorised, 8 levels left

rFire  . . .     SeeInvis +     a - +11 short sword "Nerir" {drain, *Corrode +Blink MR++ SInv}
rCold  . . .     Clarity  .     w - +2 robe {rN+}
rNeg   + . .     SustAt   .     N - +2 shield
rPois  .         Gourm    .     (helmet restricted)
rElec  +         Spirit   .     m - +1 cloak {+Inv}
rCorr  .         Warding  .     G - +3 pair of gauntlets of War {Slay+5}
rMut   .         Stasis   .     (boots unavailable)
MR     +++..                    S - amulet of the Louse {rElec Regen+}
Stlth  ++++......               U - ring of Joy {MP+9 Str+3 Dex+5}
                                j - +4 ring of evasion

@: flying quickly and evasively, repel missiles, quick, extremely resistant to
hostile enchantments, stealthy
A: beak, talons 3, slimy green scales 1, clever 1, strong 1, wild magic 1, able
to fly 2
a: Stop Flying, Channel Energy, Forget Spell, Renounce Religion, Evoke Blink,
Evoke Invisibility
}: 2/15 runes: serpentine, barnacled


You were on level 1 of the Vaults.
You worshipped Sif Muna.
Sif Muna was exalted by your worship.
You were hungry.

You visited 6 branches of the dungeon, and saw 35 of its levels.
You visited 1 bazaar.
You also visited: Labyrinth and Ice Cave.

You collected 3568 gold pieces.
You spent 1608 gold pieces at shops.

Inventory:

Hand weapons
 a - the +11 short sword "Nerir" (weapon) {drain, *Corrode +Blink MR++ SInv}
   (You found it on level 1 of the Lair of Beasts)

   A truly terrible weapon, it drains the life of those it strikes.
   It affects your resistance to hostile enchantments.
   It lets you see invisible.
   It lets you blink.
   It may corrode your equipment when you take damage.
 b - a +5 flail of protection
 h - a +0 blowgun
 v - the +5 scimitar of Quick Death {venom, rPois}
   (You took it off a deep elf priest on level 3 of the Orcish Mines)

   It poisons the flesh of those it strikes.
   It protects you from poison.
 Q - the +10 falchion "Corroe" {slice, rC+}
   (You bought it in a shop on level 4 of the Orcish Mines)

   It inflicts extra damage upon your enemies.
   It protects you from cold.
Missiles
 u - 3 curare-tipped needles
Armour
 m - a +1 cloak of invisibility (worn)
 w - a +2 robe of positive energy (worn)
 G - the +3 pair of gauntlets of War (worn) {Slay+5}
   (You acquired it on level 1 of the Lair of Beasts)

   It affects your accuracy and damage with ranged weapons and melee attacks
   (+5).
 N - a +2 shield (worn)
Rods
 R - a +1 rod of destruction (13/13)
   (You found it in a labyrinth)
 V - a +2 rod of clouds (12/12)
   (You found it in a labyrinth)
Jewellery
 d - an uncursed ring of protection from cold
 j - a +4 ring of evasion (left hand)
 x - an uncursed ring of fire
 S - the amulet of the Louse (around neck) {rElec Regen+}
   (You found it on level 6 of the Lair of Beasts)

   [amulet of regeneration]

   It insulates you from electricity.
   It increases your rate of regeneration.
 U - the ring of Joy (right hand) {MP+9 Str+3 Dex+5}
   (You found it in a labyrinth)

   [ring of strength]

   It affects your strength (+3).
   It affects your dexterity (+5).
   It affects your magic capacity (+9).
Magical devices
 r - a wand of fireball (10)
 t - a wand of cold (8)
 A - a wand of draining (9)
 B - a wand of lightning (8)
 E - a wand of digging (17)
 P - a wand of teleportation (5)
 Y - a wand of fireball (10)
Scrolls
 c - a scroll of holy word
 i - a scroll of summoning
 n - 6 scrolls of enchant weapon
 p - 2 scrolls of amnesia
 q - 4 scrolls of magic mapping
 y - 10 scrolls of remove curse
 z - 4 scrolls of recharging
 D - 11 scrolls of identify
 K - 4 scrolls of teleportation
 M - 3 scrolls of fear
 W - 5 scrolls of blinking
 X - 3 scrolls of enchant armour
Potions
 e - 7 potions of heal wounds
 f - 2 potions of cancellation
 g - 4 potions of berserk rage
 k - 2 potions of cure mutation
 l - 4 potions of magic
 o - 5 potions of curing
 s - 4 potions of brilliance
 I - 5 potions of might
 L - a potion of resistance
 O - 3 potions of invisibility
 T - 2 potions of haste
Miscellaneous
 J - a lantern of shadows
Comestibles
 C - 32 fruits
 F - 2 chunks of flesh


   Skills:
 + Level 6.2 Fighting
 + Level 4.8 Short Blades
 - Level 1.8 Maces & Flails
 + Level 3.8 Armour
 + Level 9.9 Dodging
 + Level 8.3 Stealth
 + Level 14.3 Shields
 * Level 14.0 Spellcasting
 + Level 17.0 Conjurations
 * Level 5.5 Charms
 + Level 7.8 Necromancy
 + Level 3.7 Translocations
 + Level 14.9 Fire Magic
 * Level 13.6 Air Magic
 + Level 7.8 Invocations
 + Level 2.0 Evocations


You had 8 spell levels left.
You knew the following spells:

 Your Spells              Type           Power        Failure   Level  Hunger
a - Throw Flame           Conj/Fire      ######       1%          2    None
b - Force Lance           Conj/Tloc      ######..     3%          4    None
c - Mephitic Cloud        Conj/Pois/Air  ######..     1%          3    None
d - Sticky Flame          Conj/Fire      #######.     1%          4    None
e - Fireball              Conj/Fire      #######...   1%          5    ###....
f - Conjure Flame         Conj/Fire      #######.     1%          3    None
g - Shroud of Golubria    Chrm/Tloc      ######....   3%          2    None
h - Shock                 Conj/Air       ####         1%          1    None
j - Iskenderun's Mystic   Conj           #######.     1%          4    None
k - Repel Missiles        Chrm/Air       ######       1%          2    None
l - Swiftness             Chrm/Air       ######..     1%          2    None
m - Blink                 Tloc           N/A          4%          2    None
D - Animate Dead          Necr           N/A          5%          4    None
S - Animate Skeleton      Necr           N/A          1%          1    None


Dungeon Overview and Level Annotations

Branches:
Dungeon (14/15)            Temple (0/1) D:5            Lair (8/8) D:8
 Shoals (4/4) Lair:4        Snake (4/4) Lair:5        Slime (0/6) Lair:6
    Orc (4/4) D:10            Elf (0/3) Orc:4        Vaults (1/5) D:14

Altars:
Cheibriados
Dithmenos
Elyvilon
Gozag
Kikubaaqudgha
Nemelex Xobeh
Okawaru
Qazlal
Ru
Sif Muna
Trog
Yredelemnul
The Shining One
Beogh

Shops:
D:7 %   D:9 :   D:11 [??   Orc:2 *   Orc:3 *   Orc:4 *([?   Snake:2 *
Snake:4 *

Portals:
Trove: D:12 (give 11 potions of heal wounds)

Annotations:
D:7 Joseph
Lair:8 1 runed door


Innate Abilities, Weirdness & Mutations

You have a beak for a mouth.
You have claws for feet.
You can fly continuously.
You are partially covered in slimy green scales (AC +2).
Your mind is acute. (Int +2)
Your muscles are strong. (Str +2)
Your spells are a little harder to cast, but a little more powerful.


Message History

The stinking cloud engulfs the ogre.
The ogre shouts!
The stinking cloud engulfs the ogre mage.
The stinking cloud engulfs the two-headed ogre.
The two-headed ogre shouts in stereo!
The ironheart preserver shouts!
The ogre shouts! x2
The two-headed ogre shouts in stereo!
The hornet buzzes angrily.
The hill giant shouts!
You hear a shout!
You hear a shout!
You hear a shout!
You hear two shouts!
The ogre mage is engulfed in noxious fumes.
The two-headed ogre is engulfed in noxious fumes.
The ogre is engulfed in noxious fumes.
The ogre appears confused.
The +5 scimitar of Quick Death {venom, rPois} stops dripping with poison.
You sense an unholy aura.
a - the +11 short sword "Nerir" (weapon)
{drain, *Corrode +Blink MR++ SInv} The hornet is engulfed in noxious fumes.
The ogre mage is engulfed in noxious fumes.
The ogre mage appears confused.
The hill giant hits you with a giant club!!
You die...

# #
##########
#........#
+........#
#..O@....#
+.§§§C...+
#.OOOO...#
#.§yO....#
#.O.p....#
#........#
##########


You could see an ironheart preserver, a hill giant, an ogre mage (confused), a
hornet, 2 two-headed ogres and 4 ogres.

Vanquished Creatures
  Norris (D:14)
  Saint Roka (Orc:4)
  Nikola (Shoals:3)
  2 krakens
  Polyphemus (Shoals:3)
  Kirke (Shoals:1)
  6 greater nagas (Snake:4)
  Ilsuiw (Shoals:3)
  An orc warlord (Orc:3)
  7 merfolk javelineers
  Snorg (D:10)
  An ogre mage (Vaults:1)
  Josephine (Orc:3)
  5 merfolk impalers
  A yaktaur captain (Vaults:1)
  A fire dragon (Lair:8)
  A minotaur (Lab)
  The ghost of cmdexe the Severer, a powerful HOFi of Yredelemnul (D:11)
  Fannar (D:10)
  A catoblepas (Shoals:3)
  11 hydras
  3 merfolk avatars (Shoals:4)
  17 naga warriors
  2 centaur warriors
  A merfolk aquamancer (Shoals:4)
  8 anacondas
  3 death yaks (Shoals:3)
  A satyr (Shoals:2)
  2 orc high priests
  3 shock serpents
  12 naga sharpshooters
  Sonja (Lair:4)
  Nergalle (Lair:4)
  12 skeletal warriors
  2 ice statues (IceCv)
  13 sea snakes
  Pikel (D:8)
  9 harpies
  A giant orange brain (Vaults:1)
  2 lindwurms (Lair:8)
  7 naga ritualists
  9 mana vipers
  3 hill giants
  3 cyclopes
  4 orc sorcerers
  4 water nymphs
  10 ugly things
  7 salamanders
  7 manticores
  An orc knight (D:14)
  24 elephants
  30 black mambas
  11 griffons
  Maurice (D:9)
  8 fauns
  13 sirens
  6 torpor snails
  21 naga magi
  2 gargoyles
  6 guardian serpents
  3 komodo dragons (Lair:8)
  5 trolls
  17 spiny frogs
  6 yaktaurs
  2 kobold demonologists
  2 fire drakes
  A deep elf priest (Orc:3)
  22 merfolk
  2 giant leeches (Lair:8)
  3 slime creatures (Vaults:1)
  A wind drake (Shoals:2)
  3 polar bears
  2 blink frogs (Lair:8)
  Prince Ribbit (D:8)
  2 boulder beetles
  3 two-headed ogres
  A trapdoor spider (D:14)
  A shadow (D:13)
  6 snapping turtles
  Sigmund (D:7)
  45 yaks
  4 wraiths
  4 basilisks
  6 water elementals
  3 deep elf magi
  16 hippogriffs
  13 humans (D:14)
  4 fire elementals
  5 hungry ghosts
  3 deep elf fighters (Orc:3)
  2 vampire mosquitoes (D:14)
  A wyvern (D:10)
  2 wargs
  5 mottled dragons
  2 steam dragons (D:12)
  38 nagas
  13 porcupines
  20 water moccasins
  3 black bears
  2 hell hounds (Snake:1)
  A swamp drake (Lair:8)
  9 ice beasts
  4 wasps (Lair:8)
  A slave (D:8)
  43 orc warriors
  A phantom (D:7)
  3 sky beasts
  17 crocodiles
  13 ogres
  14 centaurs
  4 big kobolds
  3 brain worms (Lair:8)
  A gnoll sergeant (D:8)
  20 giant frogs
  A wyvern zombie (D:14)
  7 scorpions
  9 wights
  6 killer bees (D:8)
  3 electric eels
  11 crimson imps
  3 centaur zombies
  6 hounds
  A giant frog zombie (D:11)
  2 quasits
  A jelly (D:5)
  26 orc priests
  2 giant frog skeletons
  6 hell rats (Lair:8)
  40 orc wizards
  14 iguanas
  16 worker ants
  20 sheep
  A hound skeleton (D:6)
  2 worker ant zombies
  19 adders
  9 gnolls
  52 river rats
  2 shadow imps
  12 white imps (Orc:1)
  An ooze (D:1)
  16 worms
  4 giant geckos
  184 orcs
  7 bats
  5 giant cockroaches
  7 goblins
  11 hobgoblins
  14 jackals
  8 kobolds
  5 quokkas
  3 ball pythons
  A giant gecko skeleton (D:6)
  2 giant gecko zombies
  11 giant newts
  A quokka zombie (D:6)
  6 rats
1284 creatures vanquished.

Vanquished Creatures (collateral kills)
  Rupert (D:14)
  Roxanne (Shoals:2)
  An orc warlord (Orc:4)
  Aizul (Snake:1)
  Azrael (Snake:1)
  A merfolk javelineer (Shoals:4)
  A merfolk impaler (Shoals:1)
  A hydra (Lair:5)
  3 naga warriors
  A merfolk avatar (Shoals:1)
  A satyr (Shoals:4)
  A centaur warrior (D:14)
  An anaconda (Snake:4)
  A shock serpent (Snake:4)
  7 naga sharpshooters
  A skeletal warrior (D:13)
  2 naga ritualists (Snake:4)
  A deep elf conjurer (Orc:3)
  5 sea snakes
  4 griffons
  2 salamanders
  2 elephants (Lair:8)
  4 manticores
  2 cyclopes
  2 mana vipers (Snake:2)
  A centaur zombie (D:12)
  7 naga magi
  A spiny frog (Lair:5)
  5 black mambas
  A torpor snail (Lair:8)
  A yaktaur (Vaults:1)
  5 merfolk
  2 boulder beetles
  A snapping turtle (Shoals:2)
  2 blink frogs (Lair:8)
  2 water elementals (Shoals:4)
  A fire elemental (Snake:1)
  6 yaks
  2 wraiths
  A deep elf fighter (Vaults:1)
  3 humans (D:14)
  2 mottled dragons (Lair:8)
  2 hogs (Shoals:2)
  A basilisk (Lair:8)
  A hippogriff (Shoals:2)
  12 nagas
  A hell hound (Snake:1)
  2 orc warriors
  An ice beast (D:14)
  3 centaurs
  A crocodile (Lair:8)
  A big kobold (D:14)
  A brain worm (Lair:8)
  A giant frog (D:11)
  A centaur skeleton (D:11)
  3 river rats (Lair:8)
  2 worms (Lair:8)
  22 orcs
  A butterfly (Lair:8)
  6 fungi (Lair:8)
  4 plants
157 creatures vanquished.

Vanquished Creatures (others)
  A merfolk (Shoals:4)
  A human (Shoals:2)
  A giant frog (D:11)
  24 fungi
  31 plants
  36 tentacles
  149 tentacle segments
243 creatures vanquished.

Grand Total: 1684 creatures vanquished

Notes
Turn   | Place    | Note
--------------------------------------------------------------
     0 | D:1      | nubinia the Tengu Fire Elementalist began the quest for the Orb.
     0 | D:1      | Reached XP level 1. HP: 10/10 MP: 4/4
   297 | D:1      | Reached XP level 2. HP: 13/15 MP: 0/6
   393 | D:1      | Learned a level 2 spell: Throw Flame
   740 | D:2      | Found an iron altar of Okawaru.
   863 | D:2      | Reached XP level 3. HP: 19/19 MP: 4/7
  1223 | D:2      | Found a shadowy altar of Dithmenos.
  1261 | D:2      | Reached skill level 4 in Fire Magic
  1467 | D:2      | Learned a level 3 spell: Conjure Flame
  1578 | D:2      | Reached XP level 4. HP: 24/24 MP: 4/8
  1940 | D:2      | Found an ancient bone altar of Kikubaaqudgha.
  1943 | D:2      | Found a glowing golden altar of the Shining One.
  1943 | D:2      | Found a deep blue altar of Sif Muna.
  1943 | D:2      | Found an opulent altar of Gozag.
  1974 | D:2      | Found a stormy altar of Qazlal.
  1974 | D:2      | Found a sparkling altar of Nemelex Xobeh.
  1984 | D:2      | Became a worshipper of Sif Muna the Loreminder
  2290 | D:3      | Found a snail-covered altar of Cheibriados.
  2600 | D:3      | Gained mutation: You can fly. [Tengu growth]
  2600 | D:3      | Reached XP level 5. HP: 22/28 MP: 4/10
  3032 | D:3      | Upgraded the game from 0.17-a0-1591-g7a45446 to 0.17-a0-1596-g1e86911
  3698 | D:4      | Reached XP level 6. HP: 28/32 MP: 8/11
  3843 | D:4      | Learned a level 4 spell: Sticky Flame
  3951 | D:4      | Noticed an ogre
  3955 | D:4      | Noticed an ogre
  3970 | D:4      | Killed an ogre
  3970 | D:4      | Reached skill level 5 in Fire Magic
  4133 | D:4      | Reached XP level 7. HP: 31/36 MP: 6/13
  4328 | D:4      | Killed an ogre
  4328 | D:4      | Acquired Sif Muna's first power
  4590 | D:4      | Found a bloodstained altar of Trog.
  4631 | D:5      | Entered Level 5 of the Dungeon
  4631 | D:5      | Noticed Sigmund
  4837 | D:5      | Reached skill level 5 in Conjurations
  5027 | D:5      | Reached skill level 1 in Fighting
  5179 | D:5      | Found a staircase to the Ecumenical Temple.
  5660 | D:5      | Reached skill level 1 in Invocations
  5660 | D:5      | Reached XP level 8. HP: 43/43 MP: 7/15
  5804 | D:5      | Reached skill level 6 in Conjurations
  6016 | D:5      | Found a bloodstained altar of Trog.
  6794 | D:6      | Acquired Sif Muna's second power
  6794 | D:6      | Reached skill level 7 in Conjurations
  7028 | D:6      | Found a white marble altar of Elyvilon.
  7254 | D:6      | Reached skill level 5 in Spellcasting
  7279 | D:6      | Found a basalt altar of Yredelemnul.
  7427 | D:7      | Noticed Joseph
  7598 | D:6      | Reached XP level 9. HP: 39/47 MP: 13/17
  7656 | D:7      | Killed Sigmund
  7656 | D:7      | Reached skill level 1 in Maces & Flails
  7656 | D:7      | Reached skill level 8 in Conjurations
  7806 | D:7      | Found Teodip's Food Emporium.
  8934 | D:7      | Reached skill level 9 in Conjurations
  9408 | D:7      | Learned a level 5 spell: Fireball
  9977 | D:8      | Noticed Prince Ribbit
  9986 | D:8      | Killed Prince Ribbit
  9986 | D:8      | Reached XP level 10. HP: 37/53 MP: 19/19
 10078 | D:8      | Acquired Sif Muna's third power
 10246 | D:8      | Reached skill level 10 in Conjurations
 10368 | D:8      | Found a staircase to the Lair.
 10425 | D:8      | Noticed Pikel
 10444 | D:8      | Killed Pikel
 10444 | D:8      | Reached skill level 5 in Dodging
 10617 | Lair:1   | Entered Level 1 of the Lair of Beasts
 11138 | Lair:1   | Identified a scroll of acquirement
 11516 | Lair:1   | Got a steaming short sword
 11518 | Lair:1   | Identified the +11 short sword "Nerir" {drain, *Corrode +Blink MR++ SInv} (You found it on level 1 of the Lair of Beasts)
 11698 | Lair:1   | Reached skill level 10 in Fire Magic
 11884 | Lair:1   | Reached skill level 11 in Conjurations
 12209 | Lair:2   | Reached XP level 11. HP: 59/59 MP: 22/22
 12218 | Lair:2   | Reached skill level 1 in Armour
 12467 | Lair:2   | Reached skill level 1 in Shields
 12496 | Lair:1   | Reached skill level 1 in Short Blades
 12699 | Lair:2   | Reached skill level 5 in Stealth
 12798 | Lair:2   | Gained mutation: Your muscles are strong. (Str +2) [potion of mutation]
 12798 | Lair:2   | Gained mutation: You can spit weak poison. [potion of mutation]
 12799 | Lair:2   | Gained mutation: Your mind is acute. (Int +2) [potion of mutation]
 12799 | Lair:2   | Gained mutation: Your spells are a little harder to cast, but a little more powerful. [potion of mutation]
 12799 | Lair:2   | Lost mutation: You can spit weak poison. [potion of mutation]
 12965 | Lair:3   | Found a labyrinth entrance.
 13011 | Lab      | Entered a labyrinth
 13086 | Lab      | Noticed a minotaur
 13094 | Lab      | Killed a minotaur
 13137 | Lab      | Got a slimy golden ring
 13143 | Lab      | Identified a +1 rod of destruction (13/13) (You found it in a labyrinth)
 13144 | Lab      | Identified a +2 rod of clouds (12/12) (You found it in a labyrinth)
 13146 | Lab      | Identified the ring of Joy {MP+9 Str+3 Dex+5} (You found it in a labyrinth)
 13368 | Lair:3   | Reached skill level 5 in Shields
 13798 | Lair:4   | Noticed Sonja
 13802 | Lair:4   | Killed Sonja
 13897 | Lair:4   | Noticed a six-headed hydra
 14001 | Lair:4   | Learned a level 2 spell: Swiftness
 14140 | Lair:4   | Reached skill level 10 in Shields
 14153 | Lair:4   | Found a staircase to the Shoals.
 14236 | Lair:4   | Reached XP level 12. HP: 64/64 MP: 23/23
 14253 | Lair:4   | Noticed Nergalle
 14256 | Lair:4   | Killed Nergalle
 14326 | Lair:4   | Reached skill level 12 in Shields
 14433 | Lair:4   | Killed a six-headed hydra
 14602 | Lair:4   | Reached skill level 13 in Shields
 14731 | Lair:4   | Reached skill level 1 in Air Magic
 14966 | Lair:5   | Found a staircase to the Snake Pit.
 15093 | Lair:5   | Noticed a seven-headed hydra
 15106 | Lair:5   | Killed a seven-headed hydra
 15110 | Lair:5   | Noticed a five-headed hydra
 15155 | Lair:5   | Killed a five-headed hydra
 15155 | Lair:5   | Received a gift from Sif Muna
 15156 | Lair:5   | Identified Sif Muna's Incunabulum of Stolen Souls (Sif Muna gifted it to you on level 5 of the Lair of Beasts)
 15159 | Lair:5   | Learned a level 1 spell: Animate Skeleton
 15294 | Lair:5   | Noticed a seven-headed hydra
 15304 | Lair:5   | Killed a seven-headed hydra
 15490 | Lair:5   | Reached XP level 13. HP: 64/68 MP: 25/25
 15614 | Lair:6   | Found a staircase to the Slime Pits.
 15898 | Lair:6   | Got a sparkling ruby amulet
 15899 | Lair:6   | Identified the amulet of the Louse {rElec Regen+} (You found it on level 6 of the Lair of Beasts)
 16381 | Lair:7   | Reached skill level 5 in Air Magic
 16554 | Lair:7   | Reached skill level 1 in Charms
 17030 | Lair:7   | Received a gift from Sif Muna
 17030 | Lair:7   | Reached skill level 5 in Invocations
 17090 | Lair:7   | Learned a level 3 spell: Mephitic Cloud
 17137 | Lair:7   | Gained mutation: You are partially covered in slimy green scales (AC +2). [potion of beneficial mutation]
 17598 | Lair:7   | Reached skill level 1 in Necromancy
 17952 | Lair:8   | Entered Level 8 of the Lair of Beasts
 18056 | Lair:8   | Found a deep blue altar of Sif Muna.
 18077 | Lair:8   | Gained mutation: You can fly continuously. [Tengu growth]
 18077 | Lair:8   | Reached XP level 14. HP: 74/74 MP: 24/28
 18895 | Lair:8   | Found a runed door.
 18952 | Lair:8   | Received a gift from Sif Muna
 18953 | Lair:8   | Identified Sif Muna's Compendium of Autotheism (Sif Muna gifted it to you on level 8 of the Lair of Beasts)
 19943 | D:9      | Got a faintly humming ring mail
 19954 | D:9      | Identified the +4 ring mail of the Pleiades {+Fly rC+} (You acquired it on level 9 of the Dungeon)
 20012 | D:9      | Noticed Maurice
 20017 | D:9      | Killed Maurice
 20278 | D:9      | Found Qeirch's Book Shoppe.
 20464 | D:10     | Entered Level 10 of the Dungeon
 20511 | D:10     | Noticed Snorg
 20536 | D:10     | Killed Snorg
 20536 | D:10     | Reached skill level 10 in Spellcasting
 20939 | D:10     | Found a staircase to the Orcish Mines.
 20944 | D:10     | Noticed Fannar
 20951 | D:10     | Killed Fannar
 22005 | Orc:1    | Entered Level 1 of the Orcish Mines
 22091 | Orc:1    | Found a frozen archway.
 22126 | IceCv    | Entered an ice cave
 22305 | Orc:1    | Learned a level 1 spell: Shock
 22309 | Orc:1    | Learned a level 3 spell: Static Discharge
 22975 | Orc:2    | Found a roughly hewn altar of Beogh.
 23080 | Orc:2    | Found Sigror's Assorted Antiques.
 23355 | Orc:3    | Found a roughly hewn altar of Beogh.
 23435 | Orc:3    | Found Noiwabedi's General Store.
 23542 | Orc:3    | Noticed Josephine
 23547 | Orc:3    | Killed Josephine
 23666 | Orc:3    | Reached XP level 15. HP: 77/80 MP: 27/30
 23678 | Orc:3    | Noticed an orc warlord
 23687 | Orc:3    | Killed an orc warlord
 23711 | Orc:3    | Got a translucent scimitar
 23712 | Orc:3    | Identified the +5 scimitar of Quick Death {venom, rPois} (You took it off a deep elf priest on level 3 of the Orcish Mines)
 23797 | Orc:3    | Got a fine chain mail
 23812 | Orc:3    | Received a gift from Sif Muna
 23816 | Orc:3    | Identified Sif Muna's Witchcraft, Part Four (Sif Muna gifted it to you on level 3 of the Orcish Mines)
 23822 | Orc:3    | Learned a level 4 spell: Iskenderun's Mystic Blast
 23832 | Orc:3    | Identified the +1 chain mail of the Mutiny {rC+ rCorr Str+4 Dex-2} (You took it off an orc on level 3 of the Orcish Mines)
 24264 | Orc:4    | Entered Level 4 of the Orcish Mines
 24658 | Orc:4    | Reached skill level 14 in Conjurations
 24895 | Orc:4    | Found a staircase to the Elven Halls.
 25100 | Orc:4    | Noticed Saint Roka
 25407 | Orc:4    | Killed Saint Roka
 25452 | Orc:4    | Found Aqajukh's Antique Weapon Boutique.
 25453 | Orc:4    | Found a roughly hewn altar of Beogh.
 25468 | Orc:4    | Found Jemuh's Antique Armour Shop.
 25502 | Orc:4    | Your ally Saint Roka died
 25508 | Orc:4    | Bought a shiny shield for 108 gold pieces
 25524 | Orc:4    | Bought a faintly glowing falchion for 232 gold pieces
 25524 | Orc:4    | Identified the +10 falchion "Corroe" {slice, rC+} (You bought it in a shop on level 4 of the Orcish Mines)
 25702 | Orc:4    | Found a roughly hewn altar of Beogh.
 25837 | Orc:4    | Found a roughly hewn altar of Beogh.
 25847 | Orc:4    | Found Hiosud's General Store.
 26081 | Orc:4    | Found a roughly hewn altar of Beogh.
 26081 | Orc:4    | Found Duolin's Magic Scroll Emporium.
 26496 | Shoals:1 | Entered Level 1 of the Shoals
 27612 | Shoals:1 | Received a gift from Sif Muna
 27627 | Shoals:1 | Identified Sif Muna's Almanac of the Birds and Confrontation (Sif Muna gifted it to you on level 1 of the Shoals)
 27631 | Shoals:1 | Learned a level 2 spell: Repel Missiles
 27795 | Shoals:2 | Noticed Roxanne
 27835 | Shoals:2 | Noticed Kirke
 27984 | Shoals:2 | Killed Roxanne
 28001 | Shoals:2 | Noticed a sphinx
 28019 | Shoals:1 | Killed Kirke
 28019 | Shoals:1 | Reached XP level 16. HP: 46/84 MP: 32/32
 28836 | Shoals:2 | Noticed a kraken
 28843 | Shoals:2 | Killed a kraken
 28843 | Shoals:2 | Reached skill level 5 in Necromancy
 28863 | Shoals:1 | Your ally Kirke died
 28933 | Shoals:3 | Noticed Ilsuiw
 29279 | Shoals:3 | Noticed Nikola
 29289 | Shoals:3 | Killed Nikola
 29289 | Shoals:3 | Reached skill level 15 in Conjurations
 29380 | Shoals:3 | Noticed Polyphemus
 29399 | Shoals:3 | Your ally Nikola died
 29473 | Shoals:3 | Killed Polyphemus
 29473 | Shoals:3 | Reached skill level 10 in Air Magic
 29586 | Shoals:3 | Your ally Polyphemus died
 29786 | Shoals:3 | Killed Ilsuiw
 29786 | Shoals:3 | Received a gift from Sif Muna
 29815 | Shoals:3 | Identified Sif Muna's Almanac of Floating Confrontation (Sif Muna gifted it to you on level 3 of the Shoals)
 29821 | Shoals:3 | Learned a level 4 spell: Force Lance
 30117 | Shoals:3 | Got a tiger eye-studded scale mail
 30128 | Shoals:3 | Identified the +6 scale mail of Wasted Space {Str+9 Dex-2} (You took it off a merfolk on level 3 of the Shoals)
 30342 | Shoals:4 | Entered Level 4 of the Shoals
 30776 | Shoals:4 | Noticed a kraken
 30828 | Shoals:4 | Reached skill level 5 in Fighting
 30828 | Shoals:4 | Reached XP level 17. HP: 65/92 MP: 30/34
 31076 | Shoals:4 | Reached XP level 18. HP: 96/96 MP: 25/35
 31885 | Shoals:4 | Received a gift from Sif Muna
 32086 | Shoals:4 | Killed a kraken
 32094 | Shoals:4 | Got a barnacled rune of Zot
 32257 | Snake:1  | Entered Level 1 of the Snake Pit
 32696 | Snake:1  | Learned a level 2 spell: Blink
 32835 | Snake:1  | Reached skill level 1 in Translocations
 32857 | Snake:1  | Noticed Aizul
 32871 | Snake:1  | Killed Aizul
 32943 | Snake:1  | Noticed Azrael
 32953 | Snake:1  | Killed Azrael
 32958 | Snake:1  | Your ally Aizul died
 33401 | Snake:1  | Reached skill level 16 in Conjurations
 33491 | Snake:1  | Upgraded the game from 0.17-a0-1596-g1e86911 to 0.17-a0-1617-gfba1302
 33555 | Snake:2  | Found Bamoegyo's Assorted Antiques.
 33563 | Snake:2  | Bought a distressingly furry robe for 159 gold pieces
 33573 | Snake:2  | Identified the +1 robe of the Hart {Int+2} (You bought it in a shop on level 2 of the Snake Pit)
 33818 | Snake:2  | Got a brightly glowing falchion
 33819 | Snake:2  | Identified the +5 falchion of the Omega Point {slice, *Confuse rF+ Int+5} (You took it off a naga warrior on level 2 of the Snake Pit)
 34654 | Lair:4   | Learned a level 4 spell: Control Undead
 34659 | Lair:4   | Learned a level 4 spell: Animate Dead
 34869 | Snake:3  | Received a gift from Sif Muna
 34870 | Snake:3  | Identified Sif Muna's Collected Works on Dislocation (Sif Muna gifted it to you on level 3 of the Snake Pit)
 34923 | Snake:3  | Got a scorched morningstar
 34924 | Snake:3  | Identified the +5 morningstar of Makivenk {speed, rElec rC+} (You found it on level 3 of the Snake Pit)
 35787 | Orc:1    | Learned a level 2 spell: Shroud of Golubria
 36108 | Snake:4  | Entered Level 4 of the Snake Pit
 36127 | Snake:4  | Found Ossuxieki's Assorted Antiques.
 36132 | Snake:4  | Bought a scroll labeled SEOKOXEYCLISH for 36 gold pieces
 36250 | Snake:4  | Reached XP level 19. HP: 102/102 MP: 23/37
 37189 | Snake:4  | Got a serpentine rune of Zot
 37292 | Snake:4  | Received a gift from Sif Muna
 37344 | Snake:4  | Identified Jadghiuv's Handbook of Dislocation (Sif Muna gifted it to you on level 4 of the Snake Pit)
 38590 | D:11     | Found Wouroeh's Magic Scroll Boutique.
 38597 | D:11     | Bought a scroll of summoning for 95 gold pieces
 38695 | D:11     | Noticed cmdexe's ghost (powerful HOFi)
 38722 | D:11     | Killed cmdexe's ghost
 38870 | D:11     | Found Ungayrel's Magic Scroll Boutique.
 38894 | D:11     | Found Leip's Antique Armour Shop.
 38901 | D:11     | Bought a runed buckler for 108 gold pieces
 39133 | D:12     | Found a flickering gateway to a bazaar.
 39145 | Bazaar   | Entered a bazaar
 39161 | Bazaar   | Found Uggits's Distillery.
 39181 | Bazaar   | Found Bodadal's Gadget Shop.
 39212 | Bazaar   | Found Kaceruk's Gadget Shop.
 39223 | Bazaar   | Found Anustim's Distillery.
 39231 | Bazaar   | Bought a potion of heal wounds for 75 gold pieces
 39231 | Bazaar   | Bought a potion of cure mutation for 525 gold pieces
 39231 | Bazaar   | Bought a potion of heal wounds for 75 gold pieces
 39231 | Bazaar   | Bought a potion of heal wounds for 75 gold pieces
 39270 | Bazaar   | Bought a potion of magic for 120 gold pieces
 39376 | D:12     | Found a portal to a secret trove of treasure.
 39829 | D:12     | Reached skill level 5 in Charms
 40241 | D:13     | Found a sacrificial altar of Ru.
 41346 | D:14     | Noticed Norris
 41352 | D:14     | Found a gate to the Vaults.
 41354 | D:14     | Noticed Rupert
 41379 | D:14     | Killed Rupert
 41402 | D:14     | Killed Norris
 41402 | D:14     | Reached skill level 17 in Conjurations
 41567 | D:14     | Your ally Norris died
 41684 | D:14     | Reached XP level 20. HP: 104/108 MP: 26/38
 41987 | D:14     | Received a gift from Sif Muna
 41988 | D:14     | Identified Enops's Collected Works on Attacks (Sif Muna gifted it to you on level 14 of the Dungeon)
 42067 | Vaults:1 | Entered Level 1 of the Vaults
 42332 | Vaults:1 | Mangled by a hill giant

Vault maps used:
D:1:      minmay_arrival_stair_chambers
D:2:      nicolae_overflow_hidden_temple, lemuel_round_altar,
          minmay_overflow_temple_hex, overflow_temple_1_default,
          mrwooster_statue_mirror, kennysheep_generic_room_13
D:3:      cheibriados_altar_wand_db, first_bread
D:4:      lightli_temple_of_fire
D:5:      minmay_temple_entry_crystal_x, minmay_fountain_box,
          trog_three_pillars_becter, uniq_sigmund
D:6:      old_standard_altar, kennysheep_mini, amethyst_killhole
D:7:      minmay_flawed_box, serial_shops, nicolae_shop_behind_doors,
          uniq_joseph
D:8:      lair_0_dummy, uniq_pikel, uniq_prince_ribbit1
D:9:      serial_shops, shop, blue_anna_alchemist, uniq_maurice
D:10:     orc_0_dummy, uniq_fannar, uniq_snorg
D:11:     serial_shops, kennysheep_little_box, shop, shop
D:12:     nicolae_trove_entry_crystal, serial_shops, bzr_entry_road
D:13:     basic_altar
D:14:     david_vaults_3, minmay_misc_feat_diagonals,
          hangedman_abyss_or_decor_passed
Lair:3:   lab_entry_generic, bobbens_dragon_lair_wall
Lair:4:   gammafunk_lair_bear_cave, elwin_shoals_entry_rooms, lemuel_fruit_tree,
          grunt_megastairs_3, serial_bayou_shore_a, uniq_sonja, uniq_nergalle
Lair:5:   st_stairs_5
Lair:6:   slime_dummy, st_stairs_6, serial_bayou_pond_d, minivault_19
Lair:7:   beast_lair_carwin_large_2
Lair:8:   wormcave, guppyfry_lair_end_dragon, basic_altar, serial_bayou_shore_b,
          lemuel_fruit_fields
Shoals:2: uniq_kirke, uniq_roxanne
Shoals:3: uniq_polyphemus, uniq_nikola, uniq_ilsuiw
Shoals:4: shoals_end_hangedman, shoal_ilsuiw
Snake:1:  corexii_hall_statues_i, uniq_aizul, uniq_azrael
Snake:2:  serial_shops, nicolae_shop_overgrown_old_shop
Snake:3:  nicolae_snake_nest
Snake:4:  snake_pit, serial_shops, nicolae_shop_waterfront,
          basic_stair_grate_trap
Orc:1:    portal_ice_cave_entry_imps
Orc:2:    basic_altar, serial_shops, shop
Orc:3:    serial_shops, shop, basic_altar, nicolae_orc_pool_cavern, elf_legates,
          uniq_josephine
Orc:4:    grunt_orc_community_town_hall, grunt_orc_community_big_house_1,
          grunt_orc_community_big_house_2, grunt_orc_community_house_2,
          grunt_orc_community_house_1, grunt_orc_community_house_3,
          grunt_orc_community_house_2, grunt_orc_community_house_1,
          grunt_orc_community_house_2
Vaults:1: v_pattern_1, nicolae_vaults_stairing_the_circle,
          hangedman_vaults_snaps, vaults_mumra_chevron, ontoclasm_vaults_chip,
          hangedman_vaults_stagger, vaults_room_boxed,
          hangedman_vaults_hard_town_square, nicolae_vaults_little_squares_5,
          ontoclasm_vaults_shuriken, v_misc_15, nicolae_vaults_little_squares_5,
          serial_shops, shop
Lab:      nicolae_lab_grate, nicolae_lab_big_swirl, nicolae_lab_hexagon,
          nicolae_lab_statue
Bazaar:   dpeg_bazaar_wands
IceCv:    ice_cave_statue_garden_01

Action                   |  1- 3 |  4- 6 |  7- 9 | 10-12 | 13-15 | 16-18 | 19-21 || total
-------------------------+-------+-------+-------+-------+-------+-------+-------++-------
Melee: Dagger            |     9 |    30 |       |       |       |       |       ||    39
       Mace              |       |     7 |    29 |       |       |       |       ||    36
       Whip              |       |       |    68 |    52 |       |       |       ||   120
       Short sword       |       |       |       |   168 |   549 |   126 |   239 ||  1082
       Scimitar          |       |       |       |       |   262 |   253 |   316 ||   831
       Flail             |       |       |       |       |       |    21 |     6 ||    27
       Falchion          |       |       |       |       |       |     4 |       ||     4
 Fire: Blowgun           |       |       |       |       |     5 |       |     1 ||     6
 Cast: Flame Tongue      |    44 |    78 |   159 |   146 |   208 |    96 |       ||   731
       Throw Flame       |     9 |    30 |    92 |    48 |   115 |   167 |    36 ||   497
       Sticky Flame      |       |       |     8 |    43 |    47 |    44 |    41 ||   183
       Fireball          |       |       |     2 |    15 |   100 |    95 |    32 ||   244
       Conjure Flame     |       |       |       |     2 |     1 |     2 |     1 ||     6
       Animate Skeleton  |       |       |       |     6 |   207 |    74 |    16 ||   303
       Mephitic Cloud    |       |       |       |       |   116 |   102 |    41 ||   259
       Swiftness         |       |       |       |       |     2 |     1 |     1 ||     4
       Iskenderun's Myst |       |       |       |       |     4 |     4 |       ||     8
       Repel Missiles    |       |       |       |       |     1 |     6 |     3 ||    10
       Force Lance       |       |       |       |       |       |    11 |    15 ||    26
       Animate Dead      |       |       |       |       |       |     9 |    60 ||    69
       Shroud of Golubri |       |       |       |       |       |     3 |    18 ||    21
       Blink             |       |       |       |       |       |       |     2 ||     2
Invok: Channel Energy    |       |       |    28 |    57 |   225 |   170 |    40 ||   520
 Abil: Fly               |       |     3 |       |     3 |     4 |       |       ||    10
       Stop Flying       |       |       |       |       |     1 |       |       ||     1
Evoke: Wand              |       |       |       |       |     7 |     1 |     1 ||     9
       Rod               |       |       |       |       |       |     2 |       ||     2
  Use: Scroll            |     7 |     3 |     6 |     9 |    14 |    11 |     5 ||    55
       Potion            |     1 |       |     1 |     5 |     3 |     1 |       ||    11
 Stab: Sleeping          |     3 |     6 |     3 |    21 |    22 |     7 |    11 ||    73
       Confused          |       |       |       |       |    49 |    55 |    18 ||   122
       Distracted        |       |       |       |       |     5 |     6 |     7 ||    18
       Invisible         |       |       |       |       |     2 |       |       ||     2
  Eat: Chunk             |     3 |    10 |    25 |    32 |   105 |    54 |    24 ||   253
       Royal jelly       |       |       |       |     1 |       |       |       ||     1
       Fruit             |       |       |       |     1 |       |     9 |     5 ||    15
       Pizza             |       |       |       |       |     1 |     1 |       ||     2
       Beef jerky        |       |       |       |       |     1 |       |     1 ||     2
       Meat ration       |       |       |       |       |       |     1 |     1 ||     2
       Bread ration      |       |       |       |       |       |     1 |       ||     1
